 Dungeon Crawl Stone Soup version 0.31-a0-1549-g5ff9445 (webtiles) character file.

Game seed: 17757438008431230489

2203 sdynet the Fighter (level 9, 0/59 (82) HPs)
             Began as an Armataur Monk on Jan 2, 2024.
             Was a Believer of Wu Jian.
             Slain by an orc knight
             ... wielding a +0 battleaxe
              (8 damage)
             ... in a bailey.
             The game lasted 00:27:28 (5934 turns).

sdynet the Fighter (Armataur Monk)                  Turns: 5934, Time: 00:27:29

HP:   0/59 (82)     AC: 10    Str: 27      XL:     9   Next: 12%
MP:   9/9           EV:  7    Int:  9      God:    Wu Jian [**....]
Gold: 311           SH:  0    Dex: 12 (15) Spells: 8/8 levels left

rFire   . . .        a - +5 rapier
rCold   + . .        h - orb {*Rage}
rNeg    + . .        l - +0 chain mail
rPois   .            (helmet restricted)
rElec   .            o - scarf {+Inv}
rCorr   .            d - +0 pair of gloves "Olam" {rN+ Str+5}
SInv    .            (no barding)
Will    .....        (no amulet) Stlth
                     g - ring of protection from cold
HPRegen 0.29/turn    (no ring)
MPRegen 0.11/turn

%: random rage (20%), roll
@: exhausted, very slightly contaminated, very heavily drained, invisible
A: large, deformed body, tough skin 3, armoured tail, roll 2, antennae 1, talons
2, strong 1, wild magic 1
a: Renounce Religion, Evoke Invisibility, Wall Jump


You were in a bailey.
You worshipped Wu Jian.
Wu Jian was pleased with you.
You visited 2 branches of the dungeon, and saw 9 of its levels.
You also visited: Bailey.

You collected 311 gold pieces.

Inventory:

Hand Weapons
 a - a +5 rapier (weapon)
 b - a +0 heavy sling
Missiles
 m - 2 javelins (quivered)
 Z - 10 poisoned darts
Armour
 c - an orb of light
 d - the +0 pair of gloves "Olam" (worn) {rN+ Str+5}
   (You acquired it on level 3 of the Dungeon)

   Str+5:     It affects your strength (+5).
   rN+:       It protects you from negative energy.
 f - a +0 scale mail
 h - an orb of wrath (worn)
 k - a +0 kite shield
 l - a +0 chain mail (worn)
 o - a scarf of invisibility (worn)
Jewellery
 g - a ring of protection from cold (left hand)
Wands
 j - a wand of digging (2)
 s - a wand of light (3)
Scrolls
 e - a scroll of identify
 q - a scroll of fog {!r}
Potions
 i - 2 potions of ambrosia {!q}
 n - 2 potions of curing {!q}
 p - a potion of attraction
 r - a potion of enlightenment {!q!q}
 t - a potion of brilliance {!q}


   Skills:
 + Level 8.9 Fighting
 + Level 1.6 Short Blades
 - Level 1.0 Throwing
 - Level 6.0 Armour
 - Level 2.1 Dodging
 + Level 1.0 Stealth
 - Level 3.0 Unarmed Combat
 + Level 4.7 Evocations


You had 8 spell levels left.
You didn't know any spells.
Your spell library contained the following spells:

 Spells                   Type           Power      Damage    Failure   Level
 Ozocubu's Armour         Ice            0%         N/A       99%         3
 Animate Dead             Necr           0%         N/A       100%        4
 Metabolic Englaciation   Hex/Ice        0%         N/A       100%        5
 Sculpt Simulacrum        Ice/Alch       0%         N/A       100%        6
 Haunt                    Necr/Summ      0%         N/A       100%        7
 Infestation              Necr           0%         N/A       100%        8


Dungeon Overview and Level Annotations

Branches:
Dungeon (7/15)             Temple (1/1) D:6          Bailey (1/1)

Altars:
Ashenzari
Cheibriados
Dithmenos
Hepliaklqana
Makhleb
Nemelex Xobeh
Okawaru
Qazlal
Ru
Sif Muna
Trog
Uskayaw
Vehumet
Wu Jian
Xom
Yredelemnul
Zin
The Shining One

Annotations:
D:3 Grinder


Innate Abilities, Weirdness & Mutations

Armour fits poorly on your strangely shaped body.
You have extremely tough skin. (AC +3)
You have a long armoured tail.
You regenerate magic and health when rolling toward enemies. (Rampage Regen)
You have a pair of small antennae on your head.
You have razor-sharp toenails.
Your muscles are strong. (Str +4, Int/Dex -1)
Your spells are a little harder to cast, but a little more powerful.


Message History

Your supernatural speed expires.
Aiming: Bolt of Light
Press: ? - help, Shift-Dir - straight line, f/p - orc knight
Aim: an orc knight, wielding a +0 battleaxe and wearing a +0 chain mail (moderately wounded, unable to see you, 71% to hit)
The bolt of light hits the orc knight!
The orc knight is heavily wounded.
The orc knight is blinded.
The bolt of light hits the orc!!
You kill the orc!
The Council accepts your kill.
The bolt of light misses the goblin.
The orc knight roars a battlecry!
The orc goes into a battle-frenzy!
Okay, then.
You puncture the orc!
You kill the orc!
The Council accepts your kill.
Okay, then.
Throw: dart (curare)
Press: ? - help, Shift-Dir - straight line, f/p - orc knight
Aim: an orc knight, wielding a +0 battleaxe and wearing a +0 chain mail (heavily wounded, blind, unable to see you, 55% to hit)
You throw a curare-tipped dart.
The curare-tipped dart closely misses the orc knight.
You spin and attack the goblin.
You barely miss the goblin. Your kick misses the goblin.
You spin and attack the hobgoblin.
You hit the hobgoblin.
The hobgoblin is almost dead.
The hobgoblin barely misses you.
You spin to attack the goblin, but your attack speed is too slow for a blow to land.
The goblin barely misses you.
There is a fountain of clear blue water here.
Okay, then.
Okay, then.
Aiming: Bolt of Light
Press: ? - help, Shift-Dir - straight line, f/p - orc knight
Aim: an orc knight, wielding a +0 battleaxe and wearing a +0 chain mail (heavily wounded, blind, unable to see you, 71% to hit)
The bolt of light hits the orc knight!!
The orc knight is severely wounded.
The orc knight is no longer blind.
The goblin barely misses you.
The orc knight hits you with a +0 battleaxe!
You die...

#...........'.....
#...........#.....
###.........##..... .
###.###.....###♣♣....
.. ###...).#'#.###
♣♣.♣. ...
##.........### ♣♣♣♣
.... #...........#
.....,#.....o).)..#
⌠.....#.g..gg@)...#
.....)'..ggg......#
......#...........#
..... ##.........##
(.(# ###.....### .#
###.### ###


You could see an orc knight (unable to see you), a gnoll (unable to see you), 2
hobgoblins and 3 goblins.

Vanquished Creatures
  A shadow (D:6)
  Eustachio (D:6)
  2 ice beasts
  A black bear (D:6)
  A kobold brigand (D:7)
  3 bullfrogs
  5 scorpions
  5 wights (D:8)
  A howler monkey (D:4)
  4 quasits (D:5)
  2 bombardier beetles
  A gnoll bouda (D:5)
  A hound (D:5)
  Jessica (D:3)
  Terence (D:3)
  4 iguanas
  4 orc wizards
  8 adders
  4 gnolls (D:5)
  4 shadow imps
  3 white imps
  8 ufetubi
  4 dart slugs
  A ribbon worm (D:2)
  10 orcs
  7 endoplasms
  3 giant cockroaches
  17 hobgoblins
  4 jackals (D:3)
  9 kobolds
  6 quokkas
  5 ball pythons
  6 bats
  2 frilled lizards
  19 goblins
  2 rats
160 creatures vanquished.

Notes
Turn   | Place    | Note
-------+----------+-------------------------------------------
     0 | D:1      | sdynet the Armataur Monk began the quest for the Orb.
     0 | D:1      | Reached XP level 1. HP: 18/18 MP: 1/1
    68 | D:1      | Reached skill level 3 in Fighting
    68 | D:1      | Reached XP level 2. HP: 24/26 MP: 2/2
   586 | D:2      | Reached XP level 3. HP: 31/31 MP: 3/3
   780 | D:2      | Found an iron altar of Okawaru.
  1113 | D:2      | Reached skill level 4 in Fighting
  1500 | D:3      | Noticed Jessica
  1500 | D:3      | Noticed Grinder
  1501 | D:3      | Identified a scroll of acquirement
  1512 | D:3      | Killed Jessica
  1513 | D:3      | Reached XP level 4. HP: 41/41 MP: 4/4
  1557 | D:3      | Acquired the +0 pair of gloves "Olam" {rN+ Str+5}
  1753 | D:3      | Noticed Terence
  1754 | D:3      | Gained mutation: Your muscles are strong. (Str +4, Int/Dex
                  | -1) [potion of mutation]
  1754 | D:3      | Gained mutation: You have hidden genetic potential. [potion
                  | of mutation]
  1754 | D:3      | Gained mutation: You have sharp toenails. [potion of
                  | mutation]
  1754 | D:3      | Gained mutation: You have a pair of small antennae on your
                  | head. [potion of mutation]
  1761 | D:3      | Killed Terence
  1762 | D:3      | Reached skill level 5 in Fighting
  1817 | D:3      | Noticed an ice beast
  1834 | D:3      | Reached XP level 5. HP: 42/48 MP: 5/5
  1839 | D:3      | Killed an ice beast
  1858 | D:3      | Gained mutation: You have razor-sharp toenails. [hidden
                  | potential]
  2394 | D:4      | Reached skill level 6 in Fighting
  2394 | D:4      | Reached skill level 1 in Armour
  2394 | D:4      | Reached XP level 6. HP: 57/57 MP: 6/6
  2586 | D:4      | Reached skill level 1 in Throwing
  2588 | D:4      | Gained mutation: Your spells are a little harder to cast,
                  | but a little more powerful. [hidden potential]
  2588 | D:4      | Lost mutation: You have hidden genetic potential. [hidden
                  | potential expressed]
  3148 | D:5      | Entered Level 5 of the Dungeon
  3252 | D:5      | Reached skill level 1 in Stealth
  3252 | D:5      | Gained mutation: You regenerate magic and health when
                  | rolling toward enemies. (Rampage Regen) [Armataur growth]
  3252 | D:5      | Reached XP level 7. HP: 47/64 MP: 7/7
  3910 | D:5      | Reached skill level 1 in Evocations
  3934 | D:5      | Lost dexterity.
  3941 | D:5      | Reached skill level 7 in Fighting
  4045 | D:6      | Reached skill level 5 in Armour
  4140 | D:6      | Noticed Eustachio
  4396 | D:6      | Killed Eustachio
  4397 | D:6      | Reached XP level 8. HP: 62/73 MP: 8/8
  4685 | D:6      | Found a staircase to the Ecumenical Temple.
  4695 | Temple   | Entered the Ecumenical Temple
  4768 | Temple   | Became a worshipper of the Wu Jian Council
  4768 | Temple   | Reached * piety under Wu Jian
  4768 | Temple   | Reached ** piety under Wu Jian
  4956 | D:6      | Reached skill level 1 in Short Blades
  4962 | D:6      | Reached skill level 8 in Fighting
  5684 | D:7      | You fall into a shaft and drop 1 floor!
  5705 | D:8      | Reached XP level 9. HP: 82/82 MP: 9/9
  5736 | D:8      | Found a flagged portal.
  5745 | Bailey   | Entered a bailey
  5871 | Bailey   | Reached *** piety under Wu Jian
  5917 | Bailey   | Noticed an orc knight
  5934 | Bailey   | Slain by an orc knight

Illustrated notes

Levels and vault maps discovered:
D:1:      pf_arrival_petrified_forest, layout_basic
D:2:      layout_basic, basic_altar, hangedman_feature_mirror,
          mrwooster_statue_mirror
D:3:      minmay_spotlight, layout_basic, uniq_grinder, uniq_jessica,
          uniq_terence
D:4:      layout_basic, small_statue_intersection, minmay_misc_feat_plants,
          minmay_crystal_water
D:5:      layout_loops_corners, serial_demonic, serial_demonic_c,
          serial_demonic_a, serial_demonic_f, serial_demonic_e,
          serial_demonic_d, serial_shops, nicolae_shop_statue_plus
D:6:      layout_gridville, minmay_temple_entry_sparse_star, nicolae_tricolors,
          uniq_eustachio
D:7:      layout_loops_corners, fedhas_ov_isle_minmay
D:8:      layout_gridville, enter_bailey_3
Temple:   minmay_temple_bridge_d
Bailey:   bailey_axe_minmay_hex_keep, bailey

Skill      XL: |  1  2  3  4  5  6  7  8 |
---------------+-------------------------+-----
Fighting       | 3 4 5 6 7 8 |  8.9
Unarmed Combat | 3 |  3.0
Armour         | 1 3 5 6 |  6.0
Throwing       | 1 |  1.0
Stealth        | 1 |  1.0
Evocations     | 2 4 |  4.7
Short Blades   | 1 |  1.6
Dodging        | |  2.1

Action                     |  1- 3 |  4- 6 |  7- 9 || total
---------------------------+-------+-------+-------++-------
  Melee: Rapier            |    36 |    94 |   232 ||   362
         Tailslap          |     6 |     7 |    22 ||    35
         Unarmed           |     1 |       |       ||     1
         Kick              |       |    18 |    56 ||    74
   Fire: Sling             |    47 |     4 |       ||    51
  Throw: Dart              |       |    10 |    21 ||    31
         Javelin           |       |       |    10 ||    10
 Invoke: Serpent's Lash    |       |       |     1 ||     1
Ability: Lunge             |       |       |    11 ||    11
         Whirlwind         |       |       |     5 ||     5
         Evoke Invisibilit |       |       |     1 ||     1
  Evoke: Wand              |       |       |     4 ||     4
    Use: Scroll            |     3 |     3 |     5 ||    11
         Potion            |       |     5 |     2 ||     7
   Stab: Invisible         |       |     3 |       ||     3
 Armour: Robe              |    24 |       |       ||    24
         Ring mail         |    19 |    11 |       ||    30
         Chain mail        |       |    92 |   446 ||   538
         Scale mail        |       |     7 |       ||     7
  Dodge: Dodged            |    43 |    65 |   109 ||   217
  Block: Kite shield       |       |    44 |    46 ||    90

Table legend: (Time is in decaauts)
 A = Elapsed time spent in this place.
 B = Non-inter-level travel time spent in this place.
 C = Inter-level travel time spent in this place.
 D = Time resting spent in this place.
 E = Time spent auto-exploring this place.
 F = Levels seen in this place.
 G = Mean time per level.
                   A        B        C        D        E       F      G
               +--------+--------+--------+--------+--------+-----+--------+
         Total |   6402 |   5639 |    763 |    451 |   3737 |  10 |  640.2 |
       Dungeon |   6036 |   5416 |    620 |    354 |   3724 |   8 |  754.5 |
        Temple |    146 |      3 |    143 |      0 |      0 |   1 |  146.0 |
        Bailey |    219 |    219 |      0 |     97 |     13 |   1 |  219.0 |
               +--------+--------+--------+--------+--------+-----+--------+

Top non-repeatable levels by time:
     D:5: 1206 daAuts
     D:6: 1100 daAuts
     D:4: 1073 daAuts
     D:2: 1003 daAuts
     D:3: 643 daAuts
     D:1: 583 daAuts
     D:7: 354 daAuts
  Bailey: 219 daAuts
  Temple: 146 daAuts
     D:8: 69 daAuts
